 Dungeon Crawl Stone Soup version 0.15.2 (webtiles) character file.

413 kae the Insei (level 6, -18/47 HPs)
             Began as a Draconian Transmuter on Jan 23, 2015.
             Demolished by an ogre
             ... wielding a cursed -2 giant club
              (29 damage)
             ... on Level 5 of the Dungeon.
             The game lasted 00:04:48 (4574 turns).

kae the Insei (Draconian Transmuter)                Turns: 4574, Time: 00:04:48

HP -18/47        AC  2     Str 13      XL: 6   Next: 59%
MP   8/10        EV 19     Int 13      God:
Gold 220         SH  0     Dex 18      Spells:  3 memorised,  3 levels left

rFire  . . .     SeeInvis .       - Unarmed
rCold  . . .     Clarity  .     (armour unavailable)
rNeg   . . .     rCorr    .     (shield currently unavailable)
rPois  x         rRot     .     (helmet currently unavailable)
rElec  .         Spirit   .     (cloak currently unavailable)
SustAb .         Warding  .     (gloves currently unavailable)
rMut   .         Stasis   .     h - melded +2 pair of boots
Gourm  .                        (no amulet)
MR     .....                    (no ring)
                                (no ring)

@: spider-form (expiring), not resistant to hostile enchantments, unstealthy
A: unfitting armour, (cold-blooded), AC +6
a: End Transformation


You were on level 5 of the Dungeon.
You were hungry.
You were in spider-form.
You visited 1 branch of the dungeon, and saw 5 of its levels.

You collected 220 gold pieces.

Inventory:

Missiles
 b - 23 arrows
 r - 8 tomahawks of dispersal (quivered)
 x - 3 tomahawks
Armour
 h - a +2 pair of boots (melded)
Comestibles
 a - 4 bread rations
 f - 2 slices of pizza
 z - a meat ration
 B - a beef jerky
Scrolls
 c - 4 scrolls of identify {unknown}
 g - a scroll of vulnerability {unknown}
 n - 2 scrolls of enchant armour {unknown}
 o - 2 scrolls of teleportation {unknown}
 p - 2 scrolls of magic mapping {unknown}
 s - a scroll of blinking {unknown}
 t - a scroll of random uselessness {unknown}
 u - a scroll of noise {unknown}
 w - a scroll of recharging {unknown}
 y - a scroll of remove curse {unknown}
 C - 2 scrolls of enchant weapon {unknown}
Potions
 e - a potion of resistance {unknown}
 i - 2 potions of poison {unknown}
 j - a potion of agility {unknown}
 k - a potion of magic {unknown}
 l - 2 potions of invisibility {unknown}
 m - 2 potions of might {unknown}
 q - a potion of flight {unknown}
 v - a potion of brilliance {unknown}
 A - a potion of porridge
Books
 d - a book of Changes

   Spells                             Type                      Level
   *Beastly Appendage                 Transmutation                1
   *Sticks to Snakes                  Transmutation                2
   *Spider Form                       Transmutation/Poison         3
   Ice Form                           Ice/Transmutation            4
   Blade Hands                        Transmutation                5


   Skills:
 - Level 1.1 Fighting
 - Level 1.7 Dodging
 * Level 6.1 Unarmed Combat
 - Level 2.0 Spellcasting
 + Level 4.7 Transmutations


You had 3 spell levels left.
You knew the following spells:

 Your Spells              Type           Power        Failure   Level  Hunger
a - Beastly Appendage     Trmt           ##....       14%         1    ##.....
b - Sticks to Snakes      Trmt           ##........   21%         2    ###....
c - Spider Form           Trmt/Pois      #.........   56%         3    ####...


Dungeon Overview and Level Annotations

Branches:
Dungeon (5/15)
 Temple: D:4-7

Altars:
Kikubaaqudgha

Annotations:
D:4 Edmund


Innate Abilities, Weirdness & Mutations

((Your plain brown scales are hard (AC +6).))
Your body does not fit into most forms of armour.
((Your cold-blooded metabolism reacts poorly to cold.))


Message History

You hit the ogre.
The ogre is moderately wounded.
The ogre hits you with a giant club!
You bite the ogre!
The ogre is poisoned.
The ogre is heavily wounded.
You barely miss the ogre.
The ogre is heavily wounded.
The ogre misses you.
You barely miss the ogre.
The ogre is heavily wounded.
The ogre closely misses you.
You hit the ogre.
The ogre looks even sicker.
The ogre is severely wounded.
The ogre hits you with a giant club!
* * * LOW HITPOINT WARNING * * *
You hit the ogre.
The ogre is severely wounded.
The ogre hits you with a giant club!!
Ouch! That really hurt!
You die...

####### .# .
#...<.###.#..#
#####.........
#......##..
##......# #.......#
. ##..%....#
#..##........#
#......s...##
#......O....#
#.........#####
##.........#####
#..........##Z##
.........#######
.........###...#
..........##._.# .
..........#...##...


You could see an ogre.

Vanquished Creatures
  2 orc wizards
  5 worker ants
  Jessica (D:2)
  7 gnolls (D:2)
  5 adders
  A giant mite (D:1)
  A shadow imp (D:5)
  A worm (D:4)
  3 giant geckos
  2 oozes
  7 orcs
  2 ball pythons
  9 bats
  4 giant cockroaches
  5 hobgoblins
  2 quokkas (D:4)
  6 giant newts
  9 goblins
  7 kobolds
  A kobold skeleton (D:4)
  10 rats
90 creatures vanquished.

Vanquished Creatures (others)
  A human (D:5)
1 creature vanquished.

Grand Total: 91 creatures vanquished

Notes
Turn   | Place    | Note
--------------------------------------------------------------
     0 | D:1      | kae, the Draconian Transmuter, began the quest for the Orb.
     0 | D:1      | Reached XP level 1. HP: 16/16 MP: 3/3
   254 | D:1      | Reached XP level 2. HP: 15/23 MP: 4/4
   845 | D:2      | Noticed Jessica
   880 | D:2      | Reached XP level 3. HP: 28/28 MP: 4/6
   884 | D:2      | Learned a level 2 spell: Sticks to Snakes
   888 | D:2      | Learned a level 3 spell: Spider Form
  1109 | D:2      | Reached skill level 4 in Unarmed Combat
  1204 | D:2      | Killed Jessica
  1204 | D:2      | Reached XP level 4. HP: 32/35 MP: 5/7
  1975 | D:3      | Reached XP level 5. HP: 40/40 MP: 7/9
  2732 | D:3      | Reached skill level 5 in Unarmed Combat
  2844 | D:4      | Noticed Edmund
  3727 | D:4      | Reached XP level 6. HP: 42/47 MP: 10/10
  4163 | D:5      | Entered Level 5 of the Dungeon
  4207 | D:5      | Reached skill level 6 in Unarmed Combat
  4459 | D:5      | Found an ancient bone altar of Kikubaaqudgha.
  4459 | D:5      | Noticed a human
  4462 | D:5      | Killed a human
  4574 | D:5      | Demolished by an ogre

Action                   |  1- 3 |  4- 6 || total
-------------------------+-------+-------++-------
Melee: Unarmed           |    99 |   282 ||   381
 Cast: Beastly Appendage |     9 |    14 ||    23
       Spider Form       |       |     2 ||     2
  Eat: Chunk             |     1 |    11 ||    12
